 Dungeon Crawl Stone Soup version 0.21-a0-2-ge494091 (webtiles) character file.

38 Jookia the Skirmisher (level 3, -3/33 HPs)
             Began as a Minotaur Fighter on May 21, 2017.
             Killed from afar by Sigmund (11 damage)
             ... with a puff of flame
             ... on level 2 of the Dungeon.
             The game lasted 00:03:03 (892 turns).

Jookia the Skirmisher (Minotaur Fighter)             Turns: 892, Time: 00:03:03

Health: -3/33      AC:  6    Str: 23 (25) XL:     3   Next: 25%
Magic:  2/2        EV:  8    Int:  6      God:
Gold:   69         SH:  0    Dex:  9      Spells: 2/2 levels left

rFire    . . .     SeeInvis .   a - +0 trident
rCold    + . .     Gourm    .   c - +0 shield
rNeg     . . .     Faith    .   b - +0 scale mail
rPois    .         Spirit   .   (helmet restricted)
rElec    .         Reflect  .   (no cloak)
rCorr    .         Harm     .   (no gloves)
MR       .....                  (no boots)
Stlth    ..........             (no amulet)
Regen    0.2/turn               (no ring)
MPRegen  0.1/turn               (no ring)

@: confused, mighty
A: retaliatory headbutt, horns 2, blurry vision 1, cold resistance 1,
deterioration 1, mutation resistance 1
a: no special abilities


You were on level 2 of the Dungeon.
You were not hungry.

You visited 1 branch of the dungeon, and saw 2 of its levels.

You collected 69 gold pieces.

Inventory:

Hand Weapons
 a - a +0 trident (weapon)
Missiles
 e - 13 poisoned needles
Armour
 b - a +0 scale mail (worn)
 c - a +0 shield (worn)
Scrolls
 g - a scroll of enchant weapon {unknown}
 j - a scroll of teleportation {unknown}
Potions
 i - a potion of curing
Comestibles
 f - a bread ration
 h - a chunk of flesh


   Skills:
 + Level 4.3 Fighting
 + Level 3.1 Polearms
 + Level 1.0 Throwing
 - Level 3.6 Armour
 + Level 1.2 Dodging
 - Level 3.6 Shields


You had 2 spell levels left.
You didn't know any spells.

Dungeon Overview and Level Annotations

Branches:
Dungeon (2/15)

Altars:

Annotations:
D:2 Sigmund


Innate Abilities, Weirdness & Mutations

You reflexively headbutt those who attack you in melee.
You have a pair of horns on your head.
Scrolls take you a little longer to read.
Your flesh is cold resistant. (rC+)
Your body sometimes deteriorates upon taking damage.
You are somewhat resistant to further mutation.


Message History

Sigmund hits you but does no damage.
Found 8 gold pieces.
Okay, then.
You're too confused!
Sigmund says, "Look into my eyes."
Sigmund casts a spell at you. You resist with significant effort.
Found a stone staircase leading up.
You bump into the rock wall.
Sigmund flickers, as though insubstantial.
You bump into the rock wall.
You feel less confused.
Found a scroll of identify.
Sigmund gestures at you while chanting.
You are confused.
You bump into the rock wall.
You bump into the rock wall.
Sigmund points at you and mumbles some strange words.
The puff of flame hits you!
You die...

### ... .. ##########..
.........#. ..........
#### ....?...<#.....
##... ........@#.....$
##.>.. #####..##.....
#..... ##.##.... #.....
#@# ... #.....
#.###.#########....
######.##..........##...
.........#..........#..##
........?...........#....
.................(..#....


You could see Sigmund.

Vanquished Creatures
  An ooze (D:2)
  A dart slug (D:1)
  10 hobgoblins
  4 kobolds (D:1)
  3 bats (D:1)
  4 frilled lizards
  3 goblins (D:1)
  3 rats (D:1)
29 creatures vanquished.

Notes
Turn   | Place    | Note
-------+----------+-------------------------------------------
     0 | D:1      | Jookia the Minotaur Fighter began the quest for the Orb.
     0 | D:1      | Reached XP level 1. HP: 19/19 MP: 0/0
   130 | D:1      | Reached XP level 2. HP: 21/27 MP: 1/1
   285 | D:1      | Reached skill level 4 in Fighting
   511 | D:1      | Reached XP level 3. HP: 33/33 MP: 2/2
   784 | D:2      | Gained mutation: Scrolls take you a little longer to read. [potion of mutation]
   784 | D:2      | Gained mutation: Your body sometimes deteriorates upon taking damage. [potion of mutation]
   784 | D:2      | Gained mutation: Your flesh is cold resistant. (rC+) [potion of mutation]
   784 | D:2      | Gained mutation: You are somewhat resistant to further mutation. [potion of mutation]
   804 | D:2      | Reached skill level 1 in Throwing
   804 | D:2      | Reached skill level 1 in Dodging
   862 | D:2      | Noticed Sigmund
   892 | D:2      | Killed from afar by Sigmund

Vault maps used:
D:1:      dpeg_arrival_boxorama, roderic_bali_sauvastika, st_stairs_8
D:2:      first_bread, fedhas_altar_1, uniq_sigmund, uniq_jessica

Skill      XL: |  1  2  3 |
---------------+----------+-----
Fighting       | 4 |  4.3
Polearms       | 3 |  3.1
Throwing       | 1 |  1.0
Dodging        | 1 |  1.2
Armour         | |  3.6
Shields        | |  3.6

Action                   || total
-------------------------++-------
Melee: Trident           ||    72
       Headbutt          ||     8
  Use: Potion            ||     3
       Scroll            ||     2
Armor: Scale mail        ||    21
Dodge: Dodged            ||    11
Block: Shield            ||    23
